 Dungeon Crawl Stone Soup version 0.27.0-1-g7a089689b8 (webtiles) character file.

Game seed: 16557188963571207813

4 mainiacjoe the Vexing (level 1, 0/14 HPs)
             Began as a Hill Orc Enchanter on Aug 7, 2021.
             Slain by a jackal (1 damage)
             ... on level 1 of the Dungeon.
             The game lasted 00:01:37 (484 turns).

mainiacjoe the Vexing (Hill Orc Enchanter)           Turns: 484, Time: 00:01:38

Health: 0/14       AC:  2    Str: 10    XL:     1   Next: 70%
Magic:  3/3        EV: 12    Int: 15    God:
Gold:   20         SH:  0    Dex: 11    Spells: 2/3 levels left

rFire    . . .     SeeInvis .   a - +0 mace
rCold    . . .     Faith    .   (no shield)
rNeg     . . .     Spirit   .   g - +0 robe
rPois    .         Reflect  .   (no helmet)
rElec    .         Harm     .   (no cloak)
rCorr    .         Rampage  .   (no gloves)
Will     .....                  (no boots)
Stlth    ++........             (no amulet)
HPRegen  0.04/turn              f - ring of wizardry
MPRegen  0.08/turn              (no ring)

@: no status effects
A: no striking features
a: no special abilities


You were on level 1 of the Dungeon.
You visited 1 branch of the dungeon, and saw 1 of its levels.

You collected 20 gold pieces.

Inventory:

Hand Weapons
 a - a +0 mace (weapon)
 b - a +1 dagger
Missiles
 c - 18 arrows
 e - 41 stones
Armour
 g - a +0 robe (worn)
Jewellery
 f - a ring of wizardry (left hand)
Potions
 d - a potion of resistance {unknown}


   Skills:
 - Level 1.0 Short Blades
 + Level 1.7 Dodging
 - Level 2.4 Stealth
 - Level 1.5 Spellcasting
 * Level 3.2 Hexes


You had 2 spell levels left.
You knew the following spells:

 Your Spells              Type           Power      Damage    Failure   Level
a - Corona                Hex            11%        N/A       2%          1

Your spell library contained the following spells:

 Spells                   Type           Power      Damage    Failure   Level
 Ensorcelled Hibernation  Hex/Ice        12%        N/A       8%          2
 Confusing Touch          Hex            10%        N/A       8%          3
 Tukima's Dance           Hex            10%        N/A       8%          3
 Dazzling Flash           Conj/Hex       12%        N/A       14%         3


Dungeon Overview and Level Annotations

Branches:
Dungeon (1/15)

Altars:


Message History

You barely miss the jackal.
The jackal is almost dead.
The jackal closely misses you.
You hit the jackal.
You kill the jackal!
The jackal bites you.
You barely miss the jackal. The jackal bites you.
The jackal closely misses you.
You are too injured to fight recklessly!
You are too injured to fight recklessly!
You are too injured to fight recklessly!
You are too injured to fight recklessly!
You are too injured to fight recklessly!
You are too injured to fight recklessly!
You are too injured to fight recklessly!
You closely miss the jackal. The jackal closely misses you.
The jackal misses you.
You closely miss the jackal. The jackal barely misses you.
The jackal bites you.
You barely miss the jackal. The jackal barely misses you. The jackal bites you.
You closely miss the jackal. The jackal closely misses you.
The jackal misses you.
You barely miss the jackal. The jackal closely misses you. x2
You closely miss the jackal.
The jackal bites you but does no damage.
The jackal completely misses you.
You hit the jackal but do no damage. The jackal bites you.
* * * LOW HITPOINT WARNING * * *
The jackal bites you.
* * * LOW HITPOINT WARNING * * *
You hit the jackal.
The jackal is heavily wounded.
The jackal bites you.
* * * LOW HITPOINT WARNING * * *
The jackal bites you.
* * * LOW HITPOINT WARNING * * *
You completely miss the jackal.
The jackal is heavily wounded.
The jackal bites you.
You die...

####################
....................
#.######.........####
#....K.h@............
.......##.........#####
....... #..............
....... #..............
.......
#[........#######
.#.####
#................ #.
#.........###### .
####.........#
#............#


You could see a jackal and a kobold.

Vanquished Creatures
  A ball python (D:1)
  An endoplasm (D:1)
  A jackal (D:1)
  A bat (D:1)
4 creatures vanquished.

Notes
Turn   | Place    | Note
-------+----------+-------------------------------------------
     0 | D:1      | mainiacjoe the Hill Orc Enchanter began the quest for the
                  | Orb.
     0 | D:1      | Reached XP level 1. HP: 14/14 MP: 3/3
   484 | D:1      | Slain by a jackal

Illustrated notes

Levels and vault maps discovered:
D:1:      onia_arrival_mini_spirals, layout_basic

Action                   || total
-------------------------++-------
Melee: Mace              ||    19
       Dagger            ||    14
 Cast: Corona            ||     2
 Stab: Sleeping          ||     1
Armor: Robe              ||     3
Dodge: Dodged            ||    25
